 Dungeon Crawl Stone Soup version 0.25-a0-737-g26c3a87c45 (webtiles) character file.

Game seed: 14067836001472991846, levelgen mode: classic

1692599 EnegeticOcto the Slayer (level 23, 137/223 HPs)
             Began as a Minotaur Warper on Apr 8, 2020.
             Was an Initiate of Gozag.
             Escaped with the Orb
             ... and 3 runes on Apr 12, 2020!
             The game lasted 01:00:34 (59233 turns).

EnegeticOcto the Slayer (Minotaur Warper)          Turns: 59233, Time: 01:00:35

Health: 137/223    AC: 34    Str: 29    XL:     23   Next: 45%
Magic:  19/32      EV: 20    Int: 10    God:    Gozag
Gold:   6190       SH: 25    Dex: 10    Spells: 24/24 levels left

rFire    + + +     SeeInvis .   O - +9 broad axe (freeze)
rCold    + . .     Gourm    .   z - +0 tower shield
rNeg     + . .     Faith    .   N - +5 plate armour {rF+}
rPois    +         Spirit   +   I - +2 hat of the Bear Spirit {Spirit, +Rage rN+ MR++}
rElec    +         Reflect  .   F - scarf {rC+ rF+}
rCorr    .         Harm     .   P - +2 pair of gloves {Str+3}
MR       +++..                  a - +2 pair of boots
Stlth    ..........             Z - amulet of Midwinter {RegenMP rF+}
HPRegen  0.47/turn              v - ring of Cowardice {rElec EV+6}
MPRegen  0.48/turn              m - ring of poison resistance

@: no status effects
A: retaliatory headbutt, horns 2
0: Orb of Zot
}: 3/15 runes: decaying, serpentine, silver
a: Potion Petition, Call Merchant, Bribe Branch, Renounce Religion, Evoke
Berserk Rage


You escaped.
You worshipped Gozag.
Gozag was greatly pleased with you.
You were not hungry.

You visited 9 branches of the dungeon, and saw 47 of its levels.
You visited the Abyss 1 time.
You visited 1 bazaar.
You also visited: Ossuary, Gauntlet, Ice Cave and Volcano.

You collected 29277 gold pieces.
You spent 5249 gold pieces at shops.
You paid 17838 gold pieces to Gozag.

Inventory:

Hand Weapons
 O - a +9 broad axe of freezing (weapon)
Missiles
 q - 20 silver javelins
 r - a throwing net (quivered) {!f}
Armour
 a - a +2 pair of boots (worn)
 p - a +0 pair of boots of running
 z - a +0 tower shield (worn)
 F - a scarf of resistance (worn)
 H - a +2 hat of see invisible
 I - the +2 hat of the Bear Spirit (worn) {Spirit, +Rage rN+ MR++}
   (You bought it in a shop in a bazaar)

   It protects you from negative energy.
   It affects your resistance to hostile enchantments.
   It lets you go berserk.
 N - a +5 plate armour of fire resistance (worn)
 P - a +2 pair of gloves of strength (worn)
Jewellery
 l - the ring "Ydown" {rF+ AC-2 SInv}
   (You found it in a Gauntlet)

   [ring of protection]

   It affects your AC (-2).
   It protects you from fire.
   It lets you see invisible.
 m - a ring of poison resistance (right hand)
 v - the ring of Cowardice (left hand) {rElec EV+6}
   (You found it on level 5 of the Lair of Beasts)

   [ring of evasion]

   It affects your evasion (+6).
   It insulates you from electricity.
 S - an uncursed amulet of regeneration
 Z - the amulet of Midwinter (around neck) {RegenMP rF+}
   (You found it on level 5 of the Vaults)

   [amulet of magic regeneration]

   It increases your magic regeneration.
   It protects you from fire.
Wands
 b - a wand of digging (10) {@v3}
 f - a wand of disintegration (16)
 g - a wand of acid (27) {@v1}
 o - a wand of polymorph (21)
 x - a wand of flame (97) {@v4}
 C - a wand of paralysis (9)
 Q - a wand of iceblast (18) {@v2}
 R - a wand of scattershot (4)
 U - a wand of enslavement (8)
Scrolls
 d - 7 scrolls of blinking {@r4}
 j - 15 scrolls of teleportation {@r3 !r}
 y - 5 scrolls of fog {!r}
 A - 10 scrolls of remove curse {@r2}
 E - a scroll of magic mapping {@r5 !r}
 G - 6 scrolls of fear {!r}
 J - 2 scrolls of holy word
 L - 7 scrolls of immolation
 V - a scroll of vulnerability
 X - a scroll of silence
Potions
 c - 4 potions of magic
 h - 11 potions of stabbing {@q5 !q}
 i - 19 potions of curing {@q1 !q}
 k - 2 potions of resistance
 n - 10 potions of flight
 t - 5 potions of cancellation
 u - 7 potions of berserk rage
 w - 5 potions of lignification {@q6}
 B - 4 potions of haste {@q4 !q}
 K - 6 potions of heal wounds {@q2 !q}
 M - 4 potions of mutation
 T - 6 potions of might {@q3 !q}
 W - 2 potions of ambrosia
Miscellaneous
 s - a box of beasts
 D - a phial of floods
 Y - a phantom mirror
Comestibles
 e - 31 rations


   Skills:
 + Level 22.2 Fighting
 - Level 18.0 Axes
 * Level 12.1 Throwing
 - Level 20.5 Armour
 - Level 15.6 Dodging
 * Level 21.6 Shields
 - Level 1.3 Spellcasting
   Level 2.1 Translocations
 + Level 13.3 Evocations


You had 24 spell levels left.
You didn't know any spells.
Your spell library contained the following spells:

 Spells                   Type           Power        Failure   Level  Hunger
 Blink                    Tloc           N/A          78%         2    ###....
 Shroud of Golubria       Chrm/Tloc      #.....       90%         2    ###....
 Beastly Appendage        Tmut           #.....       91%         1    ##.....
 Corona                   Hex            #......      91%         1    ##.....
 Foxfire                  Conj/Fire      #...         91%         1    ##.....
 Freeze                   Ice            #...         91%         1    ##.....
 Sandblast                Erth           #.....       91%         1    ##.....
 Shock                    Conj/Air       #...         91%         1    ##.....
 Sting                    Tmut/Pois      #...         91%         1    ##.....
 Summon Butterflies       Summ           #.......     91%         1    ##.....
 Summon Small Mammal      Summ           #...         91%         1    ##.....
 Gell's Gravitas          Tloc           #.........   95%         3    ####...
 Lesser Beckoning         Tloc           #.........   95%         3    ####...
 Teleport Other           Tloc           #.......     95%         3    ####...
 Call Imp                 Summ           #.......     97%         2    ###....
 Corpse Rot               Necr/Air       N/A          97%         2    ###....
 Ensorcelled Hibernation  Hex/Ice        #.....       97%         2    ###....
 Passwall                 Tmut/Erth      #.......     97%         2    ###....
 Poisonous Vapours        Pois/Air       #.....       97%         2    ###....
 Slow                     Hex            #.......     97%         2    ###....
 Sticks to Snakes         Tmut           #.......     97%         2    ###....
 Sublimation of Blood     Necr           #.........   97%         2    ###....
 Swiftness                Chrm/Air       #.......     97%         2    ###....
 Call Canine Familiar     Summ           #.......     99%         3    ####...
 Confusing Touch          Hex            #.......     99%         3    ####...
 Conjure Flame            Conj/Fire      #.......     99%         3    ####...
 Dazzling Flash           Conj/Hex       #.....       99%         3    ####...
 Frozen Ramparts          Ice            #.....       99%         3    ####...
 Ignite Poison            Fire/Tmut/Pois #.......     99%         3    ####...
 Inner Flame              Hex/Fire       #.......     99%         3    ####...
 Mephitic Cloud           Conj/Pois/Air  #.......     99%         3    ####...
 Ozocubu's Armour         Chrm/Ice       #.......     99%         3    ####...
 Portal Projectile        Hex/Tloc       #.....       99%         3    ####...
 Spider Form              Tmut/Pois      #.........   99%         3    ####...
 Static Discharge         Conj/Air       #.......     99%         3    ####...
 Stone Arrow              Conj/Erth      #.....       99%         3    ####...
 Summon Guardian Golem    Hex/Summ       #.......     99%         3    ####...
 Tukima's Dance           Hex            #.......     99%         3    ####...
 Airstrike                Air            #.........   100%        4    #####..
 Cause Fear               Hex            #.........   100%        4    #####..
 Dispel Undead            Necr           #.......     100%        4    #####..
 Hailstorm                Conj/Ice       #.......     100%        4    #####..
 Ice Form                 Ice/Tmut       #.......     100%        4    #####..
 Leda's Liquefaction      Hex/Erth       #.........   100%        4    #####..
 Olgreb's Toxic Radiance  Pois           #.......     100%        4    #####..
 Petrify                  Tmut/Erth      #.......     100%        4    #####..
 Sticky Flame             Conj/Fire      #.......     100%        4    #####..
 Summon Ice Beast         Ice/Summ       #.......     100%        4    #####..
 Summon Lightning Spire   Summ/Air       #.......     100%        4    #####..
 Agony                    Necr           #.......     100%        5    ######.
 Alistair's Intoxication  Tmut/Pois      #.......     100%        5    ######.
 Blade Hands              Tmut           #.........   100%        5    ######.
 Borgnjor's Vile Clutch   Necr/Erth      #.........   100%        5    ######.
 Excruciating Wounds      Chrm/Necr      #.........   100%        5    ######.
 Fireball                 Conj/Fire      #.........   100%        5    ######.
 Irradiate                Conj/Tmut      #.........   100%        5    ######.
 Lee's Rapid Deconstruct  Erth           #.........   100%        5    ######.
 Lightning Bolt           Conj/Air       #.........   100%        5    ######.
 Metabolic Englaciation   Hex/Ice        #.........   100%        5    ######.
 Summon Mana Viper        Hex/Summ       #.......     100%        5    ######.
 Yara's Violent Unravell  Hex/Tmut       #.........   100%        5    ######.
 Deflect Missiles         Chrm/Air       #.........   100%        6    #######
 Dispersal                Tloc           #.........   100%        6    #######
 Eringya's Noxious Bog    Tmut/Pois      #.........   100%        6    #######
 Freezing Cloud           Conj/Ice/Air   #.........   100%        6    #######
 Starburst                Conj/Fire      #.........   100%        6    #######
 Statue Form              Tmut/Erth      #........    100%        6    #######
 Malign Gateway           Summ/Tloc      #.........   100%        7    #######
 Ring of Flames           Chrm/Fire      #.........   100%        7    #######
 Spellforged Servitor     Conj/Summ      #.........   100%        7    #######
 Summon Hydra             Summ           #.........   100%        7    #######
 Controlled Blink         Tloc           N/A          100%        8    #######
 Disjunction              Tloc           #.........   100%        8    #######
 Ignition                 Fire           #.........   100%        8    #######
 Shatter                  Erth           #.........   100%        9    #######
 Tornado                  Air            #.........   100%        9    #######
 Passage of Golubria      Tloc           Unusable     N/A         4    N/A

Dungeon Overview and Level Annotations

Branches:
Dungeon (15/15)            Temple (1/1) D:6            Lair (6/6) D:9
  Swamp (4/4) Lair:2        Snake (4/4) Lair:4        Slime (0/5) Lair:6
    Orc (2/2) D:11            Elf (0/3) Orc:2        Vaults (5/5) D:14
  Crypt (0/3) Vaults:2     Depths (5/5) D:15            Zot (5/5) Depths:5
Ossuary (visited)           IceCv (visited)         Volcano (visited)
Gauntlet (visited)

Altars:
Ashenzari
Cheibriados
Dithmenos
Elyvilon
Fedhas
Gozag
Kikubaaqudgha
Nemelex Xobeh
Sif Muna
Trog
Vehumet
Xom
Yredelemnul
Beogh
Jiyva

Shops:
D:4 :   D:8 %   D:10 }[*   D:13 %   D:15 =   Orc:1 *   Orc:2 [!(:   Snake:2 (
Vaults:3 =(*   Vaults:4 }   Depths:4 :

Portals:
Hell: Depths:4
Abyss: Lair:6 Depths:4
Pandemonium: Depths:4

Annotations:
D:9 1 runed translucent door
Lair:3 exclusion: oklob plant
Lair:5 2 transporters, exclusion: 4 oklob plants, Docy's ghost, journeyman MiBe
Lair:6 2 transporters, ottosmops's ghost, journeyman MiFi
Swamp:1 1 runed translucent door, Sickboy's ghost, journeyman MiFi
Vaults:3 3 runed translucent doors, niknal's ghost, adept DsFi
Zot:5 exclusion: orange crystal statue


Innate Abilities, Weirdness & Mutations

You reflexively headbutt those who attack you in melee.
You have a pair of horns on your head.


Message History

The angel hits you with a +3 whip of holy wrath!
You block the angel's attack. The angel misses you. You furiously retaliate!
You headbutt the angel! You block the angel's attack.
There is a stone staircase leading up here.
You hit the angel but do no damage.
The angel is lightly wounded.
You block the angel's attack. x2
You completely miss the angel.
The angel is lightly wounded.
The angel hits you with a +3 whip of holy wrath!
You block the angel's attack.
You closely miss the angel. Your headbutt misses the angel.
The angel is lightly wounded.
The angel hits you but does no damage. You block the angel's attack.
You hit the angel but do no damage. Your headbutt misses the angel.
The angel is lightly wounded.
The angel hits you but does no damage. x2
You hit the angel. You freeze the angel. You headbutt the angel!
The angel is moderately wounded.
You block the angel's attack. The angel hits you but does no damage.
You miss the angel. Your headbutt misses the angel.
The angel is moderately wounded.
The angel hits you but does no damage. You block the angel's attack.
You miss the angel. Your headbutt misses the angel.
The angel is moderately wounded.
The angel hits you but does no damage. You block the angel's attack.
You carve the angel like a ham!!! You freeze the angel.
The angel is severely wounded.
The angel gestures.
The angel is healed somewhat.
You miss the angel.
You headbutt the angel, but do no damage.
The angel is severely wounded.
The angel gestures.
The angel is healed somewhat.
You miss the angel. Your headbutt misses the angel.
The angel is heavily wounded.
You block the angel's attack. x2
You hit the angel. You freeze the angel.
The angel is severely wounded.
The angel gestures.
The angel is healed somewhat.
You slice the angel!! You freeze the angel. Your headbutt misses the angel.
The angel is severely wounded.
The angel misses you. You furiously retaliate!
You headbutt the angel, but do no damage.
The angel hits you with a +3 whip of holy wrath.
You block the angel's attack. x2
You slice the angel!! You freeze the angel!
You kill the angel!
No target in view!
You climb upwards.
There is a stone staircase leading down here.
(D) Dungeon (T) Temple (L) Lair (S) Swamp (P) Snake Pit (M) Slime Pits (O) Orcish Mines (E) Elven Halls (V) Vaults (C) Crypt (U) Depths (H) Hell (Z) Zot
Where to? (Enter - D:1 @ (x,y), ? - help)
There is an open door here.
There is a stone staircase leading up here.
You climb upwards.
There is a stone staircase leading down here.
There is a stone staircase leading up here.
You climb upwards.
There is a stone staircase leading down here.
HP restored.
There is a stone staircase leading up here.
You climb upwards.
There is a stone staircase leading down here.
There is a stone staircase leading up here.
You climb upwards.
There is a stone staircase leading down here.
There is a stone staircase leading up here.
You climb upwards.
There is a stone staircase leading down here.
There is a stone staircase leading up here.
You climb upwards.
There is a stone staircase leading down here.
There is a stone staircase leading up here.
You climb upwards.
There is a stone staircase leading down here.
You see here 18 stones.
A Tzitzimitl comes into view.
The Tzitzimitl roars!
Throwing (i - inventory. (/) - cycle)
r - 2 throwing nets (quivered)
{!f}
Press: ? - help, Shift-Dir - straight line, f - Tzitzimitl
Aim: a Tzitzimitl Really fire
r - 2 throwing nets {!f}?
You throw a throwing net {!f}.
The throwing net {!f} hits the Tzitzimitl.
The Tzitzimitl is caught in the net!
The Tzitzimitl struggles against the net.
The Tzitzimitl struggles against the net.
The Tzitzimitl struggles against the net.
There is a staircase leading out of the dungeon here.
The Tzitzimitl calls on the powers of darkness!
Your body is wracked with pain!
The Tzitzimitl struggles against the net.
You have escaped!

......######.####.###.#.#.#
..#.#...........#...#.#.#.#
#.#...#########.###.#.#.#.#
......#...........#...#.#.#
......#.###.#####.###.#...#
......#.#...#...#...#.#.###
......###.###.#.###.#.#.#.#
......#...#...#.....#...#.#
......#.###.###1@.###.###.#
##.##.#.#...#.....#...#...#
......#.#.#.#.###.#.###.###
.#.##.###.#.#...#...#...#.#
.#.##.#...#.###.#####.###.#
.#.####.#(#...#...........#
.#..# #.#.#.#.###.###########
..(.###.#.#.#...#...........#
.#....#.#.#.###.####.######.#


You could see a Tzitzimitl (caught).

Vanquished Creatures
  Mara (Swamp:4)
  An ancient lich (Vaults:4)
  2 Killer Klowns (Zot:2)
  A golden dragon (Vaults:4)
  A bone dragon (Zot:2)
  An electric golem (Zot:2)
  3 liches
  2 tentacled monstrosities
  5 Orb Guardians
  A quicksilver dragon (Zot:1)
  3 titans
  The ghost of Goamofus the Peltast, an adept FoAE of Qazlal (Snake:3)
  2 sphinxes
  Gastronok (D:11)
  2 thorn hunters
  Kirke (Swamp:1)
  7 storm dragons
  2 tengu reavers
  2 draconian monks
  7 shadow dragons
  Donald (Vaults:4)
  8 fire giants
  4 deep elf sorcerers
  8 nagarajas (Snake:4)
  5 frost giants
  A draconian knight (Zot:5)
  An iron dragon (Vaults:3)
  Aizul (Snake:1)
  A draconian shifter (Depths:5)
  A draconian scorcher (Zot:2)
  An angel (D:9)
  7 vault wardens
  2 juggernaut skeletons (Depths:4)
  2 draconian annihilators
  19 ironheart preservers
  4 very ugly things
  5 deep elf demonologists
  7 stone giants
  2 entropy weavers (Vaults:3)
  A vampire knight (Depths:5)
  An ophan (Abyss:3)
  2 black draconians
  A minotaur (Gauntlet)
  4 deep elf annihilators
  4 spark wasps (Depths:4)
  A dire elephant (shapeshifter) (Zot:2)
  2 white draconians
  3 purple draconians
  4 ettins
  5 red draconians
  A death ooze (Gauntlet)
  A blizzard demon (Zot:1)
  7 fire dragons
  Josephine (D:13)
  A deep elf high priest (Vaults:4)
  10 yaktaur captains
  4 deep elf death magi
  A rakshasa (Depths:3)
  Erolcha (D:9)
  Harold (D:8)
  13 vault guards
  9 naga warriors
  6 great orbs of eyes
  A catoblepas (Vaults:3)
  2 shambling mangroves
  6 anacondas
  23 hydras
  6 ice dragons
  Erica (Orc:1)
  2 death knights
  6 centaur warriors
  4 deep troll earth magi
  45 two-headed ogres
  4 deep troll shamans
  15 ogre magi
  10 alligators
  16 naga sharpshooters
  6 shock serpents
  4 tengu warriors
  12 death yaks
  6 deep elf knights
  2 thrashing horrors (Abyss:3)
  Urug (Lair:4)
  A titan skeleton (Vaults:4)
  A storm dragon skeleton (Depths:4)
  8 large abominations (Depths:4)
  3 iron trolls (Depths:4)
  2 sixfirhies
  7 unseen horrors
  A salamander mystic (Snake:3)
  8 skeletal warriors
  17 deep trolls
  10 swamp dragons
  An orange crystal statue (Vaults:3)
  4 spriggan druids
  A death drake (Swamp:2)
  3 starcursed masses (Abyss:3)
  9 deep elf archers
  8 sea snakes (Snake:3)
  9 naga ritualists
  A sphinx zombie (Depths:4)
  5 wizards
  4 phantasmal warriors
  A harpy (shapeshifter) (Depths:4)
  5 spectral hydras
  8 harpies
  15 ugly things
  4 wolf spiders
  A wolf spider zombie (D:15)
  A wolf spider (shapeshifter) (Vaults:3)
  2 anaconda skeletons (Volcano)
  13 mana vipers
  13 ironbrand convokers
  An oklob plant (Lair:6)
  13 deep elf magi
  15 orc knights
  7 necromancers
  9 salamanders
  7 orc sorcerers
  A shadow dragon skeleton (Depths:4)
  A manticore (Lair:5)
  A shining eye (shapeshifter) (Vaults:5)
  4 elephants (Lair:6)
  8 cyclopes
  A black mamba (shapeshifter) (Depths:1)
  A frost giant skeleton (Vaults:4)
  A stone giant skeleton (Vaults:4)
  5 guardian serpents
  30 naga magi
  11 moths of wrath
  52 black mambas
  Maurice (Orc:1)
  4 vault sentinels
  5 gargoyles
  14 spiny frogs
  4 rime drakes
  3 kobold demonologists
  6 centaur skeletons
  A rime drake (shapeshifter) (Vaults:4)
  5 swamp worm zombies (Swamp:2)
  A demonic crawler (Abyss:3)
  3 ice devils
  A komodo dragon (shapeshifter) (Vaults:1)
  A yaktaur zombie (Vaults:4)
  7 freezing wraiths
  8 komodo dragons
  43 yaktaurs
  An ancient zyme (Abyss:3)
  A guardian mummy (Zot:2)
  A meliai (D:12)
  12 trolls
  2 tengu conjurers
  11 hornets
  2 harpy skeletons
  8 tyrant leeches
  A polar bear (Lair:6)
  A shadow dragon simulacrum (Vaults:3)
  2 alligator zombies (Swamp:2)
  9 blink frogs
  8 bog bodies
  2 raiju (Vaults:3)
  16 hippogriffs
  2 stone giant simulacra
  A spectral swamp dragon (Swamp:2)
  31 slime creatures
  6 dream sheep (Lair:6)
  A hippogriff (shapeshifter) (Vaults:4)
  6 redbacks (Vaults:3)
  An air elemental (Vaults:3)
  2 flying skulls (Volcano)
  58 yaks
  5 shadows
  A vampire (D:14)
  A ynoxinul (Abyss:3)
  21 spriggans
  9 wraiths
  A human (shapeshifter) (Vaults:3)
  7 wyverns
  A spriggan simulacrum (Depths:4)
  4 hogs
  A yak (shapeshifter) (Vaults:5)
  9 basilisks
  39 vampire mosquitoes
  2 hungry ghosts
  A golden eye (Abyss:3)
  A steam dragon (D:11)
  2 chaos spawn
  4 small abominations
  2 tyrant leech zombies (Swamp:2)
  6 human simulacra
  53 nagas
  19 swamp worms
  4 insubstantial wisps
  9 wargs
  2 soldier ants (D:10)
  An acid dragon (D:14)
  7 spiny frog zombies (Swamp:2)
  10 porcupines
  12 water moccasins
  An ice beast (shapeshifter) (Vaults:2)
  A floating eye (shapeshifter) (D:15)
  A porcupine (shapeshifter) (Vaults:2)
  12 ice beasts
  3 sky beasts
  51 orc warriors
  15 swamp drakes
  A black bear (shapeshifter) (Vaults:2)
  7 black bears
  5 phantoms
  An eye of draining (D:10)
  41 ogres
  An ettin simulacrum (Vaults:2)
  31 centaurs
  2 necrophages
  26 wolves
  4 boggarts (Lair:6)
  9 crocodiles
  A human skeleton (Vaults:2)
  3 elf skeletons
  13 bullfrogs
  8 big kobolds
  A wyvern zombie (D:9)
  2 earth elementals (Vaults:3)
  A water moccasin zombie (D:8)
  A water moccasin skeleton (D:7)
  15 scorpions
  3 troll zombies (Swamp:2)
  2 spriggan zombies (Swamp:2)
  7 killer bees
  A vampire bat (Vaults:3)
  10 wights
  2 spriggan skeletons (Volcano)
  2 howler monkeys
  3 electric eels
  2 bullfrog zombies
  10 crimson imps
  2 quasits
  3 hounds
  6 jellies
  26 orc priests
  8 centaur zombies
  A gnoll shaman (D:4)
  7 human zombies
  6 bullfrog skeletons
  12 worker ants
  3 iguanas
  22 orc wizards
  4 polar bear simulacra (Lair:4)
  4 lightning spires (Vaults:3)
  A yak simulacrum (Lair:4)
  3 wolf simulacra (Lair:4)
  3 big kobold zombies (Ossuary)
  2 hound zombies
  A hound skeleton (D:8)
  3 mummies (Ossuary)
  A worker ant zombie (D:9)
  19 adders
  6 gnolls
  4 scorpion zombies (Ossuary)
  A shadow imp (D:6)
  A white imp (Abyss:3)
  3 oozes
  2 adder skeletons
  6 worms
  2 dart slugs
  4 leopard geckos
  93 orcs
  2 ball pythons
  5 giant cockroaches
  8 goblins
  10 hobgoblins
  4 jackals (D:3)
  28 kobolds
  7 quokkas
  6 bats
  5 frilled lizards (D:1)
  3 hobgoblin zombies (Ossuary)
  A kobold zombie (Ossuary)
  A leopard gecko skeleton (D:5)
  A leopard gecko zombie (D:6)
  3 orc zombies (Ossuary)
  A quokka zombie (D:5)
  13 rats
  3 river rat simulacra (Lair:4)
  A briar patch (Swamp:4)
  A fungus (Lair:2)
  5 plants
1908 creatures vanquished.

Vanquished Creatures (collateral kills)
  2 ancient liches (Zot:5)
  An orb of fire (Zot:5)
  A Killer Klown (Zot:5)
  A golden dragon (Vaults:5)
  2 electric golems (Zot:5)
  A titan (Vaults:5)
  11 Orb Guardians (Zot:5)
  2 shadow dragons (Vaults:5)
  2 storm dragons (Zot:5)
  A ghost moth (Zot:5)
  A draconian knight (Zot:5)
  A vault warden (Vaults:5)
  A fire giant (Zot:2)
  A deep elf elementalist (Vaults:5)
  A draconian scorcher (Zot:5)
  A draconian annihilator (Zot:5)
  2 yellow draconians (Zot:5)
  A green draconian (Zot:5)
  A black draconian (Zot:5)
  A red draconian (Zot:5)
  A deep elf demonologist (Vaults:5)
  A deep elf high priest (Vaults:5)
  A yaktaur captain (Vaults:5)
  An ice dragon (Vaults:5)
  4 vault guards (Vaults:5)
  3 two-headed ogres (Vaults:5)
  A shining eye (shapeshifter) (Vaults:5)
  3 yaktaurs (Vaults:5)
  A moth of wrath (Zot:2)
  A spiny frog (shapeshifter) (Vaults:5)
  A raiju (shapeshifter) (Vaults:5)
53 creatures vanquished.

Vanquished Creatures (others)
  3 ancient liches (Zot:5)
  An orb of fire (Zot:5)
  2 Killer Klowns (Zot:5)
  A golden dragon (Vaults:5)
  11 Orb Guardians (Zot:5)
  A quicksilver dragon (Vaults:5)
  A titan (Vaults:5)
  4 sphinxes (Vaults:5)
  3 tengu reavers (Vaults:5)
  A storm dragon (Vaults:5)
  3 fire giants (Vaults:5)
  2 draconian stormcallers (Zot:5)
  4 vault wardens (Vaults:5)
  A draconian shifter (Zot:5)
  A deep elf elementalist (Vaults:5)
  6 stone giants
  3 ironheart preservers (Vaults:5)
  A yellow draconian (Zot:5)
  A deep elf annihilator (Vaults:5)
  A deep elf demonologist (Vaults:5)
  11 vault guards (Vaults:5)
  An ogre mage (Vaults:5)
  6 yaktaur captains (Vaults:5)
  A death knight (Vaults:5)
  3 two-headed ogres (Vaults:5)
  2 deep trolls (Vaults:5)
  A deep elf knight (Vaults:5)
  4 ironbrand convokers (Vaults:5)
  An orc knight (Vaults:5)
  2 moths of wrath (Zot:5)
  2 vault sentinels (Vaults:5)
  A naga mage (Snake:4)
  6 yaktaurs (Vaults:4)
  A freezing wraith (Vaults:5)
  A spectral swamp dragon (Swamp:2)
  A flying skull (Volcano)
  A basilisk (Vaults:3)
  6 ogres (Vaults:5)
  A wight (Abyss:3)
  An orc wizard (Vaults:2)
  3 ball lightnings (Vaults:3)
  2 briar patches (Swamp:4)
  11 fungi
  24 plants
  6 withered plants
150 creatures vanquished.

Grand Total: 2111 creatures vanquished

Notes
Turn   | Place    | Note
-------+----------+-------------------------------------------
     0 | D:1      | EnegeticOcto the Minotaur Warper began the quest for the
                  | Orb.
     0 | D:1      | Reached XP level 1. HP: 18/18 MP: 1/1
   154 | D:1      | Reached XP level 2. HP: 18/25 MP: 3/3
   486 | D:1      | Reached XP level 3. HP: 23/30 MP: 4/4
   685 | D:1      | Reached skill level 3 in Fighting
  1279 | D:2      | Found an opulent altar of Gozag.
  1391 | D:2      | Became a worshipper of Gozag Ym Sagoz the Greedy
  1472 | D:2      | Reached XP level 4. HP: 21/38 MP: 5/5
  1933 | D:2      | Found a faded altar of an unknown god.
  2150 | D:3      | Reached XP level 5. HP: 43/45 MP: 6/6
  2640 | D:3      | Reached skill level 5 in Axes
  2877 | D:3      | Reached skill level 4 in Fighting
  3407 | D:4      | Found Woqis's Book Boutique.
  3442 | D:4      | Reached XP level 6. HP: 52/52 MP: 7/7
  4090 | D:5      | Entered Level 5 of the Dungeon
  4265 | D:5      | Reached XP level 7. HP: 43/60 MP: 8/8
  4462 | D:5      | Reached skill level 5 in Fighting
  4545 | D:5      | Found a sand-covered staircase.
  4554 | Ossuary  | Entered an ossuary
  5168 | Ossuary  | Reached XP level 8. HP: 69/69 MP: 9/9
  5170 | Ossuary  | Reached skill level 5 in Dodging
  5184 | Ossuary  | Reached skill level 5 in Armour
  5324 | Ossuary  | Reached skill level 6 in Fighting
  6087 | D:6      | Found a sparkling altar of Nemelex Xobeh.
  6273 | D:6      | Found a staircase to the Ecumenical Temple.
  6302 | D:6      | Reached XP level 9. HP: 69/78 MP: 10/10
  6346 | Temple   | Entered the Ecumenical Temple
  6899 | D:6      | Reached skill level 7 in Fighting
  7272 | D:6      | Noticed a moth of wrath
  7278 | D:6      | Found a bloodstained altar of Trog.
  7608 | D:7      | Reached skill level 10 in Axes
  8186 | D:7      | Found a shadowy altar of Dithmenos.
  8475 | D:8      | Reached skill level 8 in Fighting
  8616 | D:8      | Reached XP level 10. HP: 88/88 MP: 11/11
  8747 | D:8      | Noticed Harold
  8769 | D:8      | Killed Harold
  9095 | D:8      | Noticed a two-headed ogre
  9104 | D:8      | Killed a two-headed ogre
  9267 | D:8      | Bought a ration for 60 gold pieces
  9267 | D:8      | Bought a ration for 60 gold pieces
  9267 | D:8      | Bought a ration for 60 gold pieces
  9267 | D:8      | Bought a ration for 60 gold pieces
  9267 | D:8      | Bought a ration for 60 gold pieces
  9279 | D:8      | Found a shimmering altar of Xom.
  9664 | D:9      | Found a staircase to the Lair.
  9685 | D:9      | Found a snail-covered altar of Cheibriados.
  9685 | D:9      | Found an ancient bone altar of Kikubaaqudgha.
  9689 | D:9      | Found a white marble altar of Elyvilon.
  9691 | D:9      | Noticed Erolcha
  9710 | D:9      | Killed Erolcha
  9710 | D:9      | Reached skill level 9 in Fighting
  9875 | D:9      | Found a shimmering blue altar of Sif Muna.
  9955 | D:9      | Noticed a sixfirhy
  9965 | D:9      | Found a runed translucent door.
 10024 | D:9      | Noticed a two-headed ogre
 10046 | D:9      | Killed a two-headed ogre
 10046 | D:9      | Reached XP level 11. HP: 31/97 MP: 12/12
 11101 | D:10     | Entered Level 10 of the Dungeon
 11282 | D:10     | Reached skill level 10 in Fighting
 11833 | D:10     | Found the +3 giant club "Skullcrusher" {speed, Str+7}
 12059 | D:10     | Reached skill level 10 in Armour
 12371 | D:10     | Got a turquoise-encrusted chain mail
 12382 | D:10     | Identified the +2 chain mail "Zauweuc" {*Drain rElec rPois
                  | MR+} (You found it on level 10 of the Dungeon)
 12818 | D:10     | Found Hojei's General Store.
 12826 | D:10     | Bought a potion of heal wounds for 75 gold pieces
 13101 | D:10     | Found Joev's Armour Emporium.
 13104 | D:10     | Bought a +0 kite shield of reflection for 102 gold pieces
 13162 | D:10     | Found Podyzud's Gadget Emporium.
 13170 | D:10     | Bought a wand of scattershot (4) for 360 gold pieces
 13383 | D:11     | Reached skill level 1 in Shields
 13422 | D:11     | Noticed a two-headed ogre
 13432 | D:11     | Killed a two-headed ogre
 13584 | D:11     | Found a staircase to the Orcish Mines.
 13625 | D:11     | Found a gate leading to a gauntlet.
 13638 | Gauntlet | Entered a Gauntlet
 13638 | Gauntlet | Found a transporter.
 13638 | Gauntlet | Found a transporter.
 13638 | Gauntlet | Found a transporter.
 13639 | Gauntlet | Found a transporter.
 13640 | Gauntlet | Noticed a death scarab
 13643 | Gauntlet | Found a transporter.
 13645 | Gauntlet | Found a transporter.
 13650 | Gauntlet | Found a transporter.
 13651 | Gauntlet | Found a transporter.
 13651 | Gauntlet | Noticed a death ooze
 13652 | Gauntlet | Found a transporter.
 13654 | Gauntlet | Found a transporter.
 13662 | Gauntlet | Found a transporter.
 13667 | Gauntlet | Found a transporter.
 13822 | Gauntlet | Reached XP level 12. HP: 49/108 MP: 13/13
 14047 | Gauntlet | Killed a death ooze
 14556 | Gauntlet | Got a faintly glowing ivory ring
 14563 | Gauntlet | Identified the cursed ring "Ydown" {rF+ AC-2 SInv} (You
                  | found it in a Gauntlet)
 14634 | Gauntlet | Noticed a minotaur
 14635 | Gauntlet | Identified the +9 quarterstaff "Xebb" {freeze, +Fly Str-5
                  | SInv}
 14650 | Gauntlet | Killed a minotaur
 14650 | Gauntlet | Reached skill level 11 in Fighting
 15228 | D:11     | Noticed a two-headed ogre
 15233 | D:11     | Killed a two-headed ogre
 15233 | D:11     | Reached skill level 5 in Shields
 15429 | D:11     | Reached skill level 15 in Axes
 15542 | D:11     | Noticed Gastronok
 15560 | D:11     | Killed Gastronok
 15590 | D:11     | Noticed a two-headed ogre
 15597 | D:11     | Killed a two-headed ogre
 16049 | Lair:1   | Entered Level 1 of the Lair of Beasts
 16160 | Lair:1   | Found a frozen archway.
 16206 | IceCv    | Entered an ice cave
 16317 | IceCv    | Found a transporter.
 16335 | IceCv    | Identified a scroll of acquirement
 16508 | IceCv    | Found a transporter.
 16814 | Lair:1   | Upgraded the game from 0.25-a0-731-g0472a16d6a to
                  | 0.25-a0-737-g26c3a87c45
 17386 | Lair:1   | Reached XP level 13. HP: 99/117 MP: 14/14
 18611 | Lair:2   | Found a staircase to the Swamp.
 18867 | Lair:2   | Reached skill level 12 in Fighting
 20424 | Lair:4   | Noticed Urug
 20447 | Lair:4   | Killed Urug
 20716 | Lair:4   | Reached skill level 10 in Shields
 20978 | Lair:4   | Found a dark tunnel.
 20985 | Volcano  | Entered a volcano
 21580 | Lair:4   | Found a staircase to the Snake Pit.
 22232 | Lair:5   | Reached skill level 13 in Fighting
 22244 | Lair:5   | Reached XP level 14. HP: 60/129 MP: 15/15
 22725 | Lair:5   | Found a transporter.
 22729 | Lair:5   | Noticed Docy's ghost (journeyman MiBe)
 22837 | Lair:5   | Found a transporter.
 22939 | Lair:5   | Got a translucent brass ring
 23066 | Lair:6   | Entered Level 6 of the Lair of Beasts
 23662 | Lair:6   | Found a staircase to the Slime Pits.
 23664 | Lair:6   | Found a viscous altar of Jiyva.
 24127 | Lair:6   | Noticed a tentacled starspawn
 24131 | Lair:6   | Noticed ottosmops's ghost (journeyman MiFi)
 24316 | Lair:6   | Found a transporter.
 25204 | Lair:6   | Found a transporter.
 25216 | Lair:6   | Identified the cursed +0 trident "Gesonwehu" {distort,
                  | Fragile +Rage Str+2}
 25216 | Lair:6   | Identified the +2 ice dragon scales of Tudistrat {rElec rF-
                  | rC++ rN+ Str+4 Dex+2 SInv}
 25262 | Lair:6   | Identified the ring of Cowardice {rElec EV+6} (You found it
                  | on level 5 of the Lair of Beasts)
 25293 | Lair:6   | Found a one-way gate to the infinite horrors of the Abyss.
 25463 | Orc:1    | Entered Level 1 of the Orcish Mines
 25618 | Orc:2    | Entered Level 2 of the Orcish Mines
 25746 | Orc:1    | Found Cywug's Assorted Antiques.
 25746 | Orc:1    | Noticed Erica
 25758 | Orc:1    | Killed Erica
 25866 | Orc:1    | Bought a potion of cancellation for 216 gold pieces
 26030 | Orc:1    | Found a bloodstained altar of Trog.
 26331 | Orc:2    | Found a staircase to the Elven Halls.
 26376 | Orc:2    | Paralysed by an orc sorcerer for 3 turns
 26384 | Orc:2    | Reached skill level 14 in Fighting
 26667 | Orc:2    | Found a roughly hewn altar of Beogh.
 27037 | Orc:2    | Found Toiptim's Distillery.
 27037 | Orc:2    | Found Luwe's Antique Weapon Boutique.
 27039 | Orc:2    | Found Dykhloiga's Book Shop.
 27041 | Orc:2    | Found Useh Ser's Armour Emporium.
 27045 | Orc:2    | Bought a potion of heal wounds for 70 gold pieces
 27185 | Orc:1    | Reached XP level 15. HP: 114/138 MP: 16/16
 27234 | Orc:1    | Noticed Maurice
 27244 | Orc:1    | Killed Maurice
 27367 | Orc:1    | Found Pyurua's Food Shop.
 27419 | Orc:1    | Bought a ration for 70 gold pieces
 27419 | Orc:1    | Bought a ration for 70 gold pieces
 27419 | Orc:1    | Bought a ration for 70 gold pieces
 27419 | Orc:1    | Bought a ration for 70 gold pieces
 27419 | Orc:1    | Bought a ration for 70 gold pieces
 27419 | Orc:1    | Bought a ration for 70 gold pieces
 27419 | Orc:1    | Bought a ration for 70 gold pieces
 28439 | D:13     | Found Cesmoar's Food Boutique.
 28803 | D:13     | Noticed Josephine
 28812 | D:13     | Killed Josephine
 29457 | D:14     | Reached skill level 15 in Shields
 29490 | D:14     | Found a gate to the Vaults.
 30238 | D:15     | Entered Level 15 of the Dungeon
 30417 | D:15     | Reached skill level 15 in Fighting
 30480 | D:15     | Found a blossoming altar of Fedhas.
 30999 | D:15     | Found a staircase to the Depths.
 31010 | D:15     | Reached skill level 15 in Armour
 31010 | D:15     | Reached XP level 16. HP: 101/149 MP: 17/17
 31442 | D:15     | Bought an uncursed amulet of guardian spirit for 390 gold
                  | pieces
 31695 | Snake:1  | Entered Level 1 of the Snake Pit
 31724 | Snake:1  | Noticed Aizul
 31739 | Snake:1  | Killed Aizul
 33609 | Snake:2  | Found Vemidd's Weapon Emporium.
 34596 | Snake:3  | Identified the ring "Foehize" {rF+ SInv} (You acquired it
                  | on level 3 of the Snake Pit)
 34597 | Snake:3  | Found the +18 shield of the Gong {rElec rN+ MR+ EV-5}
 34633 | Snake:3  | Reached skill level 16 in Fighting
 35062 | Snake:3  | Found a transporter.
 35065 | Snake:3  | Noticed Goamofus's ghost (adept FoAE)
 35121 | Snake:3  | Found a transporter.
 35574 | Snake:3  | Killed Goamofus's ghost
 35765 | Snake:3  | Got a pair of encrusted gloves
 35772 | Snake:3  | Identified the cursed +0 pair of gloves "Nianir" {Dex+6}
                  | (You found it on level 3 of the Snake Pit)
 36251 | Swamp:1  | Entered Level 1 of the Swamp
 36260 | Swamp:1  | Noticed Kirke
 36287 | Swamp:1  | Killed Kirke
 36287 | Swamp:1  | Reached skill level 1 in Evocations
 36296 | Swamp:1  | Reached XP level 17. HP: 131/160 MP: 15/18
 36527 | Swamp:1  | Reached skill level 10 in Dodging
 36704 | Swamp:1  | Found a runed translucent door.
 36704 | Swamp:1  | Noticed Sickboy's ghost (journeyman MiFi)
 37104 | Swamp:2  | Reached skill level 17 in Fighting
 39294 | Swamp:4  | Entered Level 4 of the Swamp
 39465 | Swamp:4  | Reached skill level 5 in Evocations
 39480 | Swamp:4  | Noticed Mara
 39520 | Swamp:4  | Noticed EnegeticOcto's illusion
 39528 | Swamp:4  | Killed Mara
 39561 | Swamp:4  | Reached XP level 18. HP: 124/171 MP: 17/21
 39562 | Swamp:4  | Reached skill level 18 in Fighting
 40164 | Swamp:4  | Got a decaying rune of Zot
 40520 | Snake:4  | Entered Level 4 of the Snake Pit
 41664 | Snake:4  | Got a serpentine rune of Zot
 42505 | Vaults:1 | Entered Level 1 of the Vaults
 42647 | Vaults:1 | Reached skill level 19 in Fighting
 42649 | Vaults:1 | Reached XP level 19. HP: 115/182 MP: 20/24
 42753 | Vaults:1 | Cast into level 3 of the Abyss (a deep elf sorcerer)
 42889 | Vaults:1 | Escaped the Abyss
 43092 | D:10     | Bought a +2 plate armour of magic resistance for 480 gold
                  | pieces
 45133 | Vaults:2 | Reached skill level 10 in Evocations
 45133 | Vaults:2 | Reached XP level 20. HP: 187/193 MP: 26/26
 45149 | Vaults:2 | Reached skill level 20 in Fighting
 45521 | Vaults:2 | Found a staircase to the Crypt.
 45521 | Vaults:2 | Found an ancient bone altar of Kikubaaqudgha.
 45522 | Vaults:2 | Found a basalt altar of Yredelemnul.
 46122 | Vaults:3 | Found Edashrusk's Antique Weapon Shoppe.
 46155 | Vaults:3 | Found Buuxtan's Assorted Antiques.
 46330 | Vaults:3 | Found a flickering gateway to a bazaar.
 46336 | Bazaar   | Entered a bazaar
 46394 | Bazaar   | Found Nackucysk's Armour Emporium.
 46409 | Bazaar   | Found Erphiy's Book Shoppe.
 46409 | Bazaar   | Found Baargh's Magic Scroll Emporium.
 46419 | Bazaar   | Bought a scroll of blinking for 127 gold pieces
 46419 | Bazaar   | Bought 3 scrolls of fear for 178 gold pieces
 46430 | Bazaar   | Found Fizih's Antique Armour Shoppe.
 46430 | Bazaar   | Found Hoawn's Armour Emporium.
 46434 | Bazaar   | Bought the +2 hat of the Bear Spirit {Spirit, +Rage rN+
                  | MR++} for 1290 gold pieces
 46434 | Bazaar   | Found the +2 hat of the Bear Spirit {Spirit, +Rage rN+
                  | MR++}
 46434 | Bazaar   | Bought a brightly glowing plate armour for 924 gold pieces
 46445 | Bazaar   | Identified the +4 plate armour of the Forgotten Shrikes
                  | {rF- rN+++ Str+2} (You bought it in a shop in a bazaar)
 46458 | Bazaar   | Bought a glowing tower shield for 247 gold pieces
 46529 | Vaults:3 | Reached skill level 15 in Dodging
 46972 | Vaults:3 | Identified the Catalogue of Flight
 47135 | Vaults:3 | Found a runed translucent gate.
 47137 | Vaults:3 | Found a runed translucent gate.
 47137 | Vaults:3 | Noticed niknal's ghost (adept DsFi)
 47138 | Vaults:3 | Found a runed translucent gate.
 47606 | Vaults:3 | Identified Sif Muna's Papyrus of the Rocks
 47659 | Vaults:3 | Found Doat's Jewellery Boutique.
 47847 | Vaults:3 | Identified the Disquisition on Changing
 48373 | Vaults:4 | Reached XP level 21. HP: 202/202 MP: 28/28
 48825 | Vaults:4 | Noticed Donald
 48842 | Vaults:4 | Killed Donald
 49117 | Vaults:4 | Got an ancient ruby amulet
 49362 | Vaults:4 | Found Borchug's Gadget Shop.
 49492 | Vaults:4 | Found a huge runed gate.
 49492 | Vaults:4 | Found a huge runed gate.
 49492 | Vaults:4 | Found a huge runed gate.
 49492 | Vaults:4 | Found a huge runed gate.
 49492 | Vaults:4 | Found a huge runed gate.
 49492 | Vaults:4 | Found a huge runed gate.
 49492 | Vaults:4 | Found a huge runed gate.
 49493 | Vaults:4 | Found a huge runed gate.
 49493 | Vaults:4 | Found a huge runed gate.
 49493 | Vaults:4 | Found a huge runed gate.
 49497 | Vaults:4 | Found a huge runed gate.
 49497 | Vaults:4 | Found a huge runed gate.
 49497 | Vaults:4 | Found a huge runed gate.
 49497 | Vaults:4 | Found a huge runed gate.
 49497 | Vaults:4 | Found a huge runed gate.
 49497 | Vaults:4 | Found a huge runed gate.
 49497 | Vaults:4 | Found a huge runed gate.
 49498 | Vaults:4 | Found a huge runed gate.
 49499 | Vaults:4 | Found a huge runed gate.
 49510 | Vaults:4 | Found a huge runed gate.
 49510 | Vaults:4 | Found a huge runed gate.
 49510 | Vaults:4 | Found a huge runed gate.
 49510 | Vaults:4 | Found a huge runed gate.
 49510 | Vaults:4 | Found a huge runed gate.
 49510 | Vaults:4 | Found a huge runed gate.
 49510 | Vaults:4 | Found a huge runed gate.
 49511 | Vaults:4 | Found a huge runed gate.
 49512 | Vaults:4 | Found a huge runed gate.
 49520 | Vaults:4 | Found a huge runed gate.
 49520 | Vaults:4 | Found a huge runed gate.
 49520 | Vaults:4 | Found a huge runed gate.
 49520 | Vaults:4 | Found a huge runed gate.
 49520 | Vaults:4 | Found a huge runed gate.
 49520 | Vaults:4 | Found a huge runed gate.
 49520 | Vaults:4 | Found a huge runed gate.
 49521 | Vaults:4 | Found a huge runed gate.
 49562 | Vaults:4 | Reached skill level 21 in Fighting
 49569 | Vaults:4 | Reached skill level 5 in Throwing
 49953 | Vaults:4 | Noticed a golden dragon
 49953 | Vaults:4 | Noticed a golden dragon
 49953 | Vaults:4 | Noticed an ancient lich
 49981 | Vaults:4 | Killed an ancient lich
 50559 | Vaults:4 | Killed a golden dragon
 50961 | Vaults:4 | Identified the amulet "Tifinimmy" {Harm *Drain rPois} (You
                  | found it on level 4 of the Vaults)
 51773 | Vaults:5 | Entered Level 5 of the Vaults
 51804 | Vaults:5 | Noticed a golden dragon
 51815 | Vaults:5 | Identified the ring "Ifuwk" {Wiz Int+4}
 51815 | Vaults:5 | Killed a golden dragon
 52190 | Vaults:5 | Noticed a golden dragon
 52196 | Vaults:5 | Killed a golden dragon
 52401 | Vaults:5 | Got a brightly glowing golden amulet
 52438 | Vaults:5 | Identified the amulet of Midwinter {RegenMP rF+} (You found
                  | it on level 5 of the Vaults)
 52498 | Vaults:5 | Identified Bysexo's Grimoire of Translocation
 52646 | Vaults:5 | Reached XP level 22. HP: 213/213 MP: 30/30
 52656 | Vaults:5 | Got a silver rune of Zot
 53401 | Depths:1 | Entered Level 1 of the Depths
 53953 | Depths:4 | Found a gateway to Hell.
 54817 | Depths:4 | Found a one-way gate leading to the halls of Pandemonium.
 54911 | Depths:4 | Found Jaamujai's Book Shoppe.
 55407 | Depths:5 | Entered Level 5 of the Depths
 55744 | Depths:5 | Identified the Tome of Asceticism
 55901 | Depths:5 | Found a gate to the Realm of Zot.
 55912 | Zot:1    | Entered Level 1 of the Realm of Zot
 56119 | Zot:2    | Noticed a Killer Klown
 56131 | Zot:2    | Reached skill level 10 in Throwing
 56141 | Zot:2    | Killed a Killer Klown
 56183 | Zot:2    | Got a warped copper ring
 56184 | Zot:2    | Identified the ring of Ogoafoeg {rC+ Str+7 Dex-5} (You
                  | found it on level 2 of the Realm of Zot)
 56186 | Zot:2    | Identified a +0 pair of boots of running (You found it on
                  | level 2 of the Realm of Zot)
 56640 | Zot:2    | Noticed a Killer Klown
 56671 | Zot:2    | Killed a Killer Klown
 57063 | Zot:2    | Reached XP level 23. HP: 217/222 MP: 29/31
 57065 | Zot:2    | Reached skill level 22 in Fighting
 57216 | Zot:5    | Entered Level 5 of the Realm of Zot
 57256 | Zot:5    | Noticed an orb of fire
 57260 | Zot:5    | Noticed an orb of fire
 57261 | Zot:5    | Noticed a Killer Klown
 57261 | Zot:5    | Noticed an ancient lich
 57262 | Zot:5    | Noticed an ancient lich
 57262 | Zot:5    | Noticed a Killer Klown
 57264 | Zot:5    | Noticed an ancient lich
 57275 | Zot:5    | Noticed a Killer Klown
 57278 | Zot:5    | Noticed an ancient lich
 57279 | Zot:5    | Noticed an ancient lich
 57284 | Zot:5    | Killed a Killer Klown
 57288 | Zot:5    | Killed an ancient lich
 57292 | Zot:5    | Noticed an orb of fire
 57294 | Zot:5    | Killed an ancient lich
 57308 | Zot:5    | Killed an orb of fire
 57610 | Zot:5    | Noticed a curse toe
 58621 | Zot:5    | Got the Orb of Zot
 59233 | D:$      | Escaped with the Orb!

Levels and vault maps discovered:
D:1:      psy_arrival_radial02, layout_rooms, minmay_pentomino_u2
D:2:      layout_rooms, chequers_ecumenical_altar_grove,
          nicolae_gozag_cash_rules_everything_around_me
D:3:      layout_basic, first_ration
D:4:      layout_loops_ring, serial_shops, shop
D:5:      layout_loops_ring, enter_ossuary_1
D:6:      layout_basic, kennysheep_mini, minmay_temple_entry_ruins, tgw_trog
D:7:      layout_cave_pools, grunt_dithmenos_shadows
D:8:      layout_loops_corners, marbit_many_paths, uniq_harold
D:9:      cheibrodos_shockbox, layout_basic, grunt_temple_overflow_open,
          lair_entry_dummy, uniq_erolcha
D:10:     layout_gridville, serial_shops, nicolae_shop_trees,
          nicolae_shop_behind_doors, nicolae_shop_statue_plus,
          hangedman_pestilent_swarm, nooodl_orcs_dogs
D:11:     layout_loops_corners, orc_0_dummy, gauntlet_entry_generic,
          uniq_gastronok
D:12:     layout_irregular_city, minmay_checkerbox
D:13:     layout_roguey, serial_shops, shop, serial_curves, eino_curves_04,
          eino_curves_03, minmay_misc_feat_ornament, uniq_josephine
D:14:     layout_loops_corners, lightli_vaults_fourway_checkpoint, serial_glass,
          glass_columns_b, glass_columns_b
D:15:     grunt_enter_depths_hoard, layout_small_grid, fedhas_altar_3
Temple:   compressed_dpeg_circular_temple
Lair:1:   layout_regular_city, portal_ice_cave_demonic_guard,
          beast_lair_carwin_9, serial_bayou_shore_b
Lair:2:   layout_gridlike, skrybe_swamp_entry_bodies
Lair:3:   layout_gridlike, minmay_lair_oklob_items
Lair:4:   layout_misc_corridors, minmay_snake_entry_spellcaster,
          nicolae_volcano_entry_two_sided, eino_house_with_fridge,
          serial_bayou_shore_a, uniq_urug
Lair:5:   layout_hall_layers, gammafunk_ghost_arena, special_room
          [special_room_mythical_zoo], minmay_lair_oklob_chamber,
          infiniplex_staircase_pool, serial_bayou_shore_b, grunt_megastairs_5
Lair:6:   minmay_lair_end_enchanted_forest, layout_regular_city, slime_altar_1,
          gammafunk_ghost_abyssal_escape
Swamp:1:  layout_basic_swamp, gammafunk_ghost_grave,
          evilmike_swamp_ruin_house_4, kb_tengu_band, uniq_kirke
Swamp:2:  cheibrodos_swamp_mausoleum, layout_basic_swamp,
          nicolae_swamp_stair_fork
Swamp:3:  layout_basic_swamp, evilmike_swamp_ruin_house_2
Swamp:4:  swamp, layout_basic_swamp, swamp_pool1, uniq_mara
Snake:1:  layout_grid_maze, special_room, uniq_aizul
Snake:2:  layout_onion_interference, serial_shops, nicolae_shop_stone
Snake:3:  layout_basic, gammafunk_ghost_berserking_beasts, grunt_ministairs_11,
          serial_bayou_lagoon_b
Snake:4:  snake_pit, layout_misc_corridors, grunt_ministairs_7,
          hangedman_snake_wide_pillar_pass, guppyfry_library_mini
Orc:1:    layout_caves, serial_shops, shop, nicolae_shop_waterfront,
          trog_butcher_becter, uniq_maurice, uniq_erica
Orc:2:    st_orc_rangers, layout_diamond_mine, david_defended_altar_orc
Vaults:1: hangedman_vaults_stretched_pinwheel, nicolae_vaults_network_s,
          ontoclasm_vaults_ring_square, grunt_vaults_funnel,
          vaults_room_grunt_arrival_checkpoint, v_misc_30,
          nicolae_vaults_diagonal_hallway_7, layout_vaults_omnigrid
Vaults:2: vaults_dpeg_cross, v_rooms_3, vaults_room_fancy_cross,
          ontoclasm_vaults_ring_small, minmay_crypt_entry_necro_gods,
          hangedman_vaults_stretched_pinwheel, hangedman_vaults_locks,
          ontoclasm_vaults_spin, vaults_room_pools, vaults_room_corners,
          vaults_mumra_minichess, vaults_room_semicircle,
          vaults_room_semicircle, layout_vaults_ring
Vaults:3: gammafunk_vaults_ghost_split, hangedman_vaults_corner_blocks,
          nicolae_vaults_windows_and_doors_thing, grunt_vaults_twisty, v_misc_3,
          v_misc_24, nicolae_vaults_what_the_h, nicolae_vaults_statue_guard,
          nicolae_vaults_little_squares_4, v_misc_1, grunt_vaults_hallway_long,
          nicolae_vaults_network_star, layout_vaults_maze_snakey,
          serial_hangedman_research, hangedman_research_electronics,
          hangedman_research_metamorphosis, hangedman_research_geology,
          serial_shops, bzr_entry_gold, nicolae_shop_trees, shop, shop
Vaults:4: v_rooms_4, ontoclasm_vaults_ring_small,
          nicolae_vaults_little_squares_2, nicolae_vaults_diagonal_hallway_6,
          v_rooms_5, nicolae_vaults_yaktaur_gun_rack, v_misc_33,
          nicolae_vaults_little_squares_2, dpeg_vaults_monster_row, v_misc_18,
          vaults_door_vault, vaults_room_mumra_shop_pool,
          ontoclasm_vaults_fault, layout_vaults_omnibox, uniq_donald
Vaults:5: serial_shops
Depths:1: layout_cave_shapes, lightli_too_deep, st_stairs_3,
          lightli_corner_chamber, serial_bayou_shore_b, uniq_enchantress
Depths:2: hangedman_cross_cluster, layout_honeycomb, ziggurat_fallback,
          hangedman_tar_grid_catacomb, kennysheep_decorative_pillar,
          kennysheep_cross_room
Depths:3: grunt_runaround [grunt_runaround_doors_1, grunt_runaround_doors_2,
          grunt_runaround_doors_3, grunt_runaround_doors_4,
          grunt_runaround_loot], hell_entry, pan_entry, uniq_mennas
Depths:4: lemuel_flame_loot_2, layout_honeycomb, serial_shops,
          nicolae_shop_crystal, serial_sigils_hangedman_etch,
          minmay_room_of_horrors, pan_entry, hell_entry, bh_walls_and_bars,
          infiniplex_staircase_spiral
Depths:5: evilmike_zot_entry_hall, layout_basic, pf_hell_entry_great_geh,
          kennysheep_crisscross, drop_trap
Zot:1:    layout_onion_interference, grunt_ministairs_2, grunt_megastairs_2
Zot:2:    hangedman_zot_vaults_quadrants, layout_cathedral_of_symmetry
Zot:3:    layout_twisted_circle
Zot:4:    layout_cathedral_of_symmetry
Zot:5:    layout_gridlike

Skill      XL: |  1  2  3  4  5  6  7  8  9 10 11 12 13 14 15 16 17 18 19 20 21 22 23 |
---------------+----------------------------------------------------------------------+-----
Axes           | 3 4 5 6 7 9 11 12 14 15 16 17 18 | 18.0
Fighting       | 3 4 5 6 8 9 10 11 13 14 15 16 17 19 20 21 22 | 22.2
Armour         | 2 3 4 6 7 9 10 11 12 13 15 16 17 18 19 20 | 20.5
Dodging        | 3 4 6 7 8 9 11 13 14 15 | 15.6
Shields        | 2 7 11 14 16 17 18 19 21 | 21.6
Evocations     | 1 5 8 10 11 12 13 | 13.3
Throwing       | 7 11 12 | 12.1
Spellcasting   | |  1.3
Translocations | |  2.1

Action                   |  1- 3 |  4- 6 |  7- 9 | 10-12 | 13-15 | 16-18 | 19-21 | 22-24 || total
-------------------------+-------+-------+-------+-------+-------+-------+-------+-------++-------
Melee: Hand axe          |    87 |    17 |       |       |       |       |       |       ||   104
       Headbutt          |    20 |    31 |    53 |   115 |   224 |   268 |   354 |   145 ||  1210
       War axe           |       |   150 |   363 |   606 |   210 |       |       |       ||  1329
       Broad axe         |       |       |       |       |  1021 |  1348 |  1393 |   530 ||  4292
Throw: Throwing net      |       |       |       |     3 |       |       |       |     2 ||     5
       Javelin           |       |       |       |     4 |       |     4 |     4 |     2 ||    14
Invok: Potion Petition   |       |     1 |       |     1 |       |       |       |     1 ||     3
       Call Merchant     |       |       |       |     1 |       |     1 |       |       ||     2
       Bribe Branch      |       |       |       |       |       |       |     2 |     3 ||     5
Evoke: Wand              |       |       |     3 |     8 |     6 |     5 |     2 |       ||    24
       Box of beasts     |       |       |       |     1 |       |       |       |     3 ||     4
       Phial of floods   |       |       |       |     1 |       |       |       |       ||     1
       Phantom mirror    |       |       |       |     1 |       |       |       |       ||     1
  Use: Scroll            |       |    10 |     9 |    11 |    10 |    14 |    12 |    20 ||    86
       Potion            |       |       |     1 |    10 |     1 |     1 |     5 |     2 ||    20
 Stab: Distracted        |       |       |     1 |     3 |     3 |    11 |    19 |     4 ||    41
       Invisible         |       |       |       |       |       |     9 |       |       ||     9
       Confused          |       |       |       |       |       |     1 |       |       ||     1
  Eat: Ration            |     1 |     2 |     5 |     8 |    15 |    12 |     8 |     6 ||    57
       Chunk             |       |       |       |       |     1 |       |       |       ||     1
Armor: Leather armour    |    21 |    21 |       |       |       |       |       |       ||    42
       Chain mail        |       |    37 |   252 |   271 |   235 |    57 |       |       ||   852
       Plate armour      |       |       |       |       |       |   171 |   204 |   157 ||   532
Dodge: Dodged            |    64 |   104 |   190 |   245 |   339 |   253 |   317 |   191 ||  1703
Block: Kite shield       |       |       |       |   118 |       |  1193 |   504 |       ||  1815
       Tower shield      |       |       |       |     3 |   998 |   189 |   554 |   443 ||  2187
       Reflection        |       |       |       |     3 |       |       |    54 |       ||    57

Table legend:
 A = Non-vault XP
 B = Vault XP
 C = Vault XP percentage of total XP
 D = Non-vault monster count
 E = Vault monster count
 F = Vault count percentage of total count
                 A         B        C        D         E       F
            +---------+---------+-------+---------+---------+-------
      Total |  487809 |  410290 |  45.7 |    1285 |     669 |  34.2
            +---------+---------+-------+---------+---------+-------
        D:1 |      52 |       7 |  11.9 |      30 |       2 |   6.2
        D:2 |     128 |       0 |   0.0 |      21 |       0 |   0.0
        D:3 |     184 |       0 |   0.0 |      33 |       0 |   0.0
        D:4 |     137 |       0 |   0.0 |      19 |       0 |   0.0
        D:5 |     785 |       0 |   0.0 |      16 |       0 |   0.0
        D:6 |    1056 |      13 |   1.2 |      19 |       5 |  20.8
        D:7 |    1010 |     124 |  10.9 |      19 |       1 |   5.0
        D:8 |    1504 |    1885 |  55.6 |      22 |       2 |   8.3
        D:9 |    4067 |    1014 |  20.0 |      32 |       1 |   3.0
       D:10 |    5105 |    1568 |  23.5 |      37 |      16 |  30.2
       D:11 |    7438 |    2297 |  23.6 |      40 |       1 |   2.4
       D:12 |    7349 |    1534 |  17.3 |      50 |       4 |   7.4
       D:13 |    9007 |    1922 |  17.6 |      49 |       5 |   9.3
       D:14 |    7808 |    7594 |  49.3 |      38 |      12 |  24.0
       D:15 |   14940 |    1920 |  11.4 |      41 |       2 |   4.7
     Lair:1 |    1179 |    1853 |  61.1 |       6 |       7 |  53.8
     Lair:2 |    5615 |     257 |   4.4 |      18 |       1 |   5.3
     Lair:3 |    2781 |       0 |   0.0 |      13 |       0 |   0.0
     Lair:4 |    5392 |    2078 |  27.8 |      27 |      14 |  34.1
     Lair:5 |    9675 |    4746 |  32.9 |      20 |      21 |  51.2
     Lair:6 |   10625 |    8486 |  44.4 |      26 |      49 |  65.3
    Swamp:1 |    7529 |    3921 |  34.2 |      25 |       6 |  19.4
    Swamp:2 |   14482 |   10491 |  42.0 |      36 |      37 |  50.7
    Swamp:3 |   11406 |       0 |   0.0 |      29 |       0 |   0.0
    Swamp:4 |    7045 |   28389 |  80.1 |      17 |      29 |  63.0
    Snake:1 |   14376 |    1640 |  10.2 |      32 |       1 |   3.0
    Snake:2 |    6137 |       0 |   0.0 |      13 |       0 |   0.0
    Snake:3 |   25260 |    7915 |  23.9 |      49 |      13 |  21.0
    Snake:4 |   29624 |   35825 |  54.7 |      58 |      54 |  48.2
      Orc:1 |    2758 |    1619 |  37.0 |      36 |       6 |  14.3
      Orc:2 |    1465 |    5256 |  78.2 |       6 |      41 |  87.2
   Vaults:1 |   47976 |   21533 |  31.0 |      77 |      30 |  28.0
   Vaults:2 |   42785 |    9391 |  18.0 |      81 |      17 |  17.3
   Vaults:3 |   45259 |   34645 |  43.4 |      65 |      76 |  53.9
   Vaults:4 |   44469 |   55432 |  55.5 |      75 |      42 |  35.9
   Vaults:5 |   14045 |   24815 |  63.9 |      24 |      31 |  56.4
   Depths:1 |     476 |    3233 |  87.2 |       1 |       2 |  66.7
   Depths:2 |    2985 |       0 |   0.0 |       2 |       0 |   0.0
   Depths:3 |       0 |    2001 | 100.0 |       0 |       2 | 100.0
   Depths:4 |   30789 |    5771 |  15.8 |      33 |      15 |  31.2
   Depths:5 |    4463 |   15154 |  77.2 |       4 |      11 |  73.3
      Zot:1 |   10078 |    2647 |  20.8 |       7 |       2 |  22.2
      Zot:2 |       0 |   60041 | 100.0 |       0 |      30 | 100.0
      Zot:4 |    6565 |       0 |   0.0 |       5 |       0 |   0.0
      Zot:5 |   13719 |   31833 |  69.9 |      13 |      17 |  56.7
    Abyss:3 |    8281 |       0 |   0.0 |      21 |       0 |   0.0
    Ossuary |       0 |    1231 | 100.0 |       0 |      36 | 100.0
      IceCv |       0 |    1755 | 100.0 |       0 |       8 | 100.0
    Volcano |       0 |    4800 | 100.0 |       0 |      12 | 100.0
   Gauntlet |       0 |    3654 | 100.0 |       0 |       8 | 100.0
            +---------+---------+-------+---------+---------+-------
